 Dungeon Crawl Stone Soup version 0.20-a0-493-g19c8d8d (webtiles) character file.

396 Asddderdsw the Magician (level 6, -1/50 HPs)
             Began as a Draconian Wanderer on Jan 18, 2017.
             Slain by an orc wizard
             ... wielding a +0 dagger
              (5 damage)
             ... on level 4 of the Dungeon.
             The game lasted 00:45:05 (4232 turns).

Asddderdsw the Magician (Draconian Wanderer)        Turns: 4232, Time: 00:45:05

Health: -1/50      AC:  2    Str: 15    XL:     6   Next: 52%
Magic:  6/12       EV: 20    Int: 12    God:
Gold:   287        SH:  0    Dex: 17    Spells: 5/13 levels left

rFire    + . .     SeeInvis .     - Unarmed
rCold    . . .     Gourm    .   (armour unavailable)
rNeg     . . .     Faith    .   (shield currently unavailable)
rPois    x         Spirit   .   (helmet currently unavailable)
rElec    .         Reflect  .   (cloak currently unavailable)
rCorr    .         Harm     .   (gloves currently unavailable)
MR       .....                  (boots currently unavailable)
Stlth    ++........             (no amulet)
Regen    0.2/turn               (no ring)
                                m - ring of protection from fire

@: spider-form (expiring), very slightly contaminated
A: unfitting armour, (cold-blooded), AC +6
a: End Transformation


You were on level 4 of the Dungeon.
You were not hungry.
You were a venomous arachnid creature.
You visited 1 branch of the dungeon, and saw 4 of its levels.

You collected 287 gold pieces.

Inventory:

Hand Weapons
 a - a +2 dagger (melded)
 r - a +2 dagger of pain
Missiles
 e - 41 arrows
 h - 2 tomahawks (quivered)
 i - 143 stones
 s - a throwing net
Armour
 o - a +0 pair of boots (melded)
Jewellery
 m - a ring of protection from fire (left front leg)
Scrolls
 k - a scroll of remove curse
 l - a scroll of identify
 p - a scroll of teleportation
Potions
 g - 2 potions of brilliance
 q - a potion of flight
Books
 c - Izept's Tome of Transmigration

   Spells                             Type                      Level
   a - Beastly Appendage              Transmutation                1
   b - Spider Form                    Transmutation/Poison         3
 d - the Collected Works on Arcane Weapons

   Spells                             Type                      Level
   a - Throw Frost                    Conjuration/Ice              2
   b - Searing Ray                    Conjuration                  2
Comestibles
 f - 3 bread rations
 j - a fruit
 u - a beef jerky


   Skills:
 + Level 2.9 Fighting
 + Level 3.3 Short Blades
   Level 1.0 Crossbows
 + Level 1.1 Throwing
 + Level 2.4 Dodging
 + Level 1.7 Stealth
 + Level 1.1 Unarmed Combat
 + Level 4.3 Spellcasting
 + Level 2.1 Conjurations
 + Level 1.0 Transmutations
 + Level 0.8 Ice Magic


You had 5 spell levels left.
You knew the following spells:

 Your Spells              Type           Power        Failure   Level  Hunger
a - Beastly Appendage     Tmut           #.....       32%         1    None
b - Throw Frost           Conj/Ice       #.....       36%         2    ##.....
c - Searing Ray           Conj           #.....       32%         2    ##.....
d - Spider Form           Tmut/Pois      #.........   77%         3    ###....


Dungeon Overview and Level Annotations

Branches:
Dungeon (4/15)
 Temple: D:4-7

Altars:
Gozag
Hepliaklqana
Xom


Innate Abilities, Weirdness & Mutations

((Your plain brown scales are hard. (AC +6)))
You cannot fit into any form of body armour.
((You are cold-blooded and may be slowed by cold attacks.))


Message History

Your vision is briefly tinged with green.
The orc barely misses you. The orc wizard misses you.
Casting: Spider Form
Confirm with . or Enter, or press ? or * to list all spells.
You turn into a venomous arachnid creature.
Your +2 dagger melds into your body.
Your +0 pair of boots melds into your body.
Your transformation is almost over.
The orc completely misses you. The orc wizard barely misses you.
The phantom blinks!
You hit the orc wizard.
The orc wizard is poisoned.
The orc wizard is heavily wounded.
The orc misses you.
The orc wizard mumbles some strange words.
The orc wizard flickers and vanishes!
Deactivating autopickup; reactivate with Ctrl-A.
You hit the orc.
The orc is poisoned.
The orc is severely wounded.
The orc barely misses you. Something hits you.
You die...

#### ############### #...
#.W.ยง.os{...W.. #.##
##########.#############
##.## ..................
###.###...#
#######.##..#####.
......(.#.# #.##..# #.
###o###...# #.##..#
..............##
#W##..#####.##..###.###oW##
#o##..#......... .....#....
..###...........##..
......#o##


You could see 2 phantoms and an orc.

Vanquished Creatures
  A hound (D:4)
  3 orc priests (D:3)
  2 orc wizards
  A hound skeleton (D:4)
  3 gnolls (D:3)
  2 adders (D:2)
  An ooze (D:1)
  4 worms (D:3)
  5 dart slugs
  A leopard gecko (D:1)
  26 orcs
  11 bats
  4 giant cockroaches
  14 goblins
  10 hobgoblins
  5 jackals
  2 ball pythons
  5 frilled lizards
  A kobold (D:1)
  A leopard gecko skeleton (D:4)
  A quokka skeleton (D:4)
  5 rats
  2 fungi (D:1)
110 creatures vanquished.

Vanquished Creatures (others)
  A fungus (D:1)
1 creature vanquished.

Grand Total: 111 creatures vanquished

Notes
Turn   | Place    | Note
-------+----------+-------------------------------------------
     0 | D:1      | Asddderdsw the Draconian Wanderer began the quest for the Orb.
     0 | D:1      | Asddderdsw set off with: a +2 dagger, a potion of berserk rage, Izept's Tome of Transmigration, the Collected Works on Arcane Weapons, a bread ration
     0 | D:1      | Reached XP level 1. HP: 17/17 MP: 4/4
     2 | D:1      | Learned a level 1 spell: Beastly Appendage
   142 | D:1      | Reached XP level 2. HP: 10/24 MP: 4/6
   370 | D:1      | Reached XP level 3. HP: 11/29 MP: 6/8
   394 | D:1      | Identified Izept's Tome of Transmigration
   394 | D:1      | Identified the Collected Works on Arcane Weapons
   406 | D:1      | Learned a level 2 spell: Throw Frost
   409 | D:1      | Learned a level 2 spell: Searing Ray
   765 | D:1      | Learned a level 3 spell: Spider Form
  1040 | D:2      | Reached skill level 1 in Short Blades
  1606 | D:2      | Reached XP level 4. HP: 35/37 MP: 4/9
  1758 | D:3      | Reached skill level 1 in Dodging
  1770 | D:3      | Reached skill level 4 in Spellcasting
  1775 | D:3      | Reached XP level 5. HP: 14/42 MP: 8/11
  1847 | D:3      | HP: 2/42 [worm (7)]
  2040 | D:3      | Reached skill level 1 in Unarmed Combat
  2186 | D:3      | Found an opulent altar of Gozag.
  2882 | D:3      | Reached XP level 6. HP: 43/50 MP: 12/12
  2947 | D:3      | Found a hazy altar of Hepliaklqana.
  3477 | D:4      | HP: 1/50 [something (4)]
  3580 | D:4      | Found a shimmering altar of Xom.
  3607 | D:4      | HP: 1/50 [hound (4)]
  3609 | D:4      | Reached skill level 1 in Transmutations
  4232 | D:4      | Slain by an orc wizard

Vault maps used:
D:1:      lemuel_arrival_river_bridge, minmay_gold_behind_fungi
D:2:      minmay_distorted
D:3:      kennysheep_the_goblin_king, lemuel_round_altar,
          nicolae_gozag_seed_capital
D:4:      xom_butterflies

Skill      XL: |  1  2  3  4  5  6 |
---------------+-------------------+-----
Short Blades   | 1 2 3 |  3.3
Dodging        | 1 2 |  2.4
Spellcasting   | 4 |  4.3
Unarmed Combat | 1 |  1.1
Transmutations | 1 |  1.0
Fighting       | |  2.9
Crossbows      | |  1.0
Throwing       | |  1.1
Stealth        | |  1.7
Conjurations   | |  2.1
Ice Magic      | |  0.8

Action                   |  1- 3 |  4- 6 || total
-------------------------+-------+-------++-------
Melee: Unarmed           |    12 |    24 ||    36
       Dagger            |   149 |   293 ||   442
       Tailslap          |    17 |    39 ||    56
       Headbutt          |     5 |    16 ||    21
       Kick              |     2 |       ||     2
       Punch             |       |     1 ||     1
Throw: Tomahawk          |       |     5 ||     5
 Cast: Beastly Appendage |     5 |    18 ||    23
       Throw Frost       |     4 |    30 ||    34
       Spider Form       |       |     2 ||     2
       Searing Ray       |       |     5 ||     5
  Use: Potion            |     1 |     5 ||     6
       Scroll            |       |     6 ||     6
 Stab: Sleeping          |     2 |       ||     2
  Eat: Chunk             |     3 |     7 ||    10
       Fruit             |       |     6 ||     6
Armor: Skin              |    74 |   103 ||   177
Dodge: Dodged            |   102 |   193 ||   295
